 Dungeon Crawl Stone Soup version 0.30.1-11-g7821555f0a (webtiles) character file.

Game seed: 17786053885618351867

2927 Heoruswealwe the Thaumaturge (level 9, -3/45 HPs)
             Began as a Deep Elf Conjurer on Nov 2, 2023.
             Was an Initiate of Vehumet.
             Slain by a slime creature (17 damage)
             ... on level 8 of the Dungeon.
             The game lasted 01:12:12 (7063 turns).

Heoruswealwe the Thaumaturge (Deep Elf Conjurer)    Turns: 7063, Time: 01:12:13

Health: -3/45      AC:  8    Str:  4    XL:     9   Next: 50%
Magic:  26/36      EV: 12    Int: 28    God:    Vehumet [......]
Gold:   628        SH:  0    Dex: 13    Spells: 11/32 levels left

rFire   . . .        a - +5 Force Lance {heavy, knockback}
rCold   . . .        (no shield)
rNeg    . . .        c - +0 robe
rPois   .            g - +2 helmet
rElec   .            h - +0 cloak
rCorr   .            f - +1 pair of gloves {Stlth+}
SInv    .            (no boots)
Will    .....        i - amulet of regeneration
Stlth   +++          k - ring of magical power
HPRegen 1.07/turn    (no ring)
MPRegen 0.25/turn

%: no passive effects
@: no status effects
A: no striking features
a: Renounce Religion


You were on level 8 of the Dungeon.
You worshipped Vehumet.
Vehumet was noncommittal.
You visited 2 branches of the dungeon, and saw 9 of its levels.

You collected 628 gold pieces.

Inventory:

Hand Weapons
 a - the +5 Force Lance (weapon) {heavy, knockback}
   (You found it on level 3 of the Dungeon)
Armour
 c - a +0 robe (worn)
 f - a +1 pair of gloves of stealth (worn)
 g - a +2 helmet (worn)
 h - a +0 cloak (worn)
Magical Staves
 n - a staff of fire
Jewellery
 i - an amulet of regeneration (around neck)
 k - a ring of magical power (left hand)
Wands
 F - a wand of charming (9)
 M - a wand of iceblast (7)
 O - a wand of flame (8)
Scrolls
 e - 3 scrolls of amnesia
 v - a scroll of blinking
 D - a scroll of teleportation {unknown}
 E - a scroll of immolation {unknown}
 N - a scroll of fear {unknown}
 R - 2 scrolls of enchant armour {unknown}
Potions
 b - a potion of magic
 l - 2 potions of degeneration {unknown}
 m - 7 potions of curing {unknown}
 o - 3 potions of brilliance {unknown}
 p - a potion of haste {unknown}
 w - a potion of resistance {unknown}
 z - a potion of attraction {unknown}
 A - 3 potions of cancellation {unknown}
 B - 2 potions of lignification {unknown}
 C - a potion of flight {unknown}
 H - a potion of might {unknown}
 K - a potion of mutation {unknown}
 S - a potion of invisibility {unknown}


   Skills:
 - Level 2.4 Dodging
 - Level 2.4 Stealth
 + Level 12.4 Spellcasting
 + Level 11.1 Conjurations


You had 11 spell levels left.
You knew the following spells:

 Your Spells              Type           Power      Damage    Failure   Level
a - Magic Dart            Conj           100%       1d8       1%          1
b - Searing Ray           Conj           100%       2d8       1%          2
c - Dazzling Flash        Conj/Hex       96%        N/A       1%          3
d - Fulminant Prism       Conj/Hex       24%        3d12      3%          4
e - Iskenderun's Mystic   Conj/Tloc      48%        2d11      3%          4
f - Arcjolt               Conj/Air       24%        1d34      9%          5
z - Passwall              Tmut/Erth      14%        N/A       4%          2

Your spell library contained the following spells:

 Spells                   Type           Power      Damage    Failure   Level
 Ensorcelled Hibernation  Hex/Ice        34%        N/A       4%          2
 Swiftness                Air            17%        N/A       10%         3
 Vhi's Electric Charge    Tloc/Air       34%        N/A       10%         3
 Plasma Beam              Fire/Air       8%         2x1d21    99%         6


Dungeon Overview and Level Annotations

Branches:
Dungeon (8/15)             Temple (1/1) D:7
   Lair: D:8-11

Altars:
Ashenzari
Dithmenos
Elyvilon
Fedhas
Gozag
Makhleb
Nemelex Xobeh
Okawaru
Qazlal
Ru
Sif Muna
Trog
Uskayaw
Vehumet
Wu Jian
Yredelemnul
Zin
The Shining One


Message History

A kobold comes into view. It is wielding a +0 dagger.
The slime creature hits you!
Casting: Searing Ray (safe; 1% risk of failure)
Confirm with . or Enter, or press ? or * to list all spells.
Aiming: Searing Ray (safe; 1% risk of failure)
Press: ? - help, Shift-Dir - straight line The searing ray hits the slime creature.
The slime creature is moderately wounded. (Press . to maintain the ray.)
The kobold shouts!
The slime creature hits you but does no damage.
The searing ray hits the slime creature.
The slime creature is moderately wounded.
The searing ray hits the kobold!
You kill the kobold!
Vehumet accepts your kill.
The searing ray hits the kobold!
You kill the kobold!
Vehumet accepts your kill.
The slime creature hits you but does no damage.
The searing ray hits the slime creature!
The slime creature is heavily wounded.
The searing ray hits the kobold.
You kill the kobold!
Vehumet accepts your kill.
The searing ray misses the kobold.
A vampire comes into view.
The slime creature hits you!
* * * LOW HITPOINT WARNING * * *
The searing ray hits the slime creature!
The slime creature is heavily wounded.
The searing ray hits the kobold brigand.
The kobold brigand is moderately wounded.
The searing ray hits the kobold!
You kill the kobold!
Vehumet accepts your kill.
You finish channelling your searing ray.
A slime creature comes into view.
The slime creature hits you!
You die...

### ....
#....####
#.......# #@# #J#
#######
##K##.......
...#.V...#...K#
.......J....K...
............##..
#........#...#
#........#..J..
...........#..[.#


You could see 2 slime creatures, a vampire and a kobold brigand.

Vanquished Creatures
  Maggie (D:6)
  Eustachio (D:5)
  Menkaure (D:6)
  Edmund (D:6)
  A water moccasin (D:7)
  An ice beast (D:7)
  A sky beast (D:7)
  A black bear (D:8)
  5 phantoms
  A kobold brigand (D:7)
  2 scorpions (D:7)
  3 wights (D:7)
  2 jellies
  A howler monkey (D:6)
  2 quasits (D:7)
  3 hounds
  8 orc priests
  2 sleepcaps (D:6)
  3 iguanas
  6 orc wizards
  Robin (D:3)
  11 gnolls
  7 adders
  5 shadow imps
  3 white imps (D:7)
  2 ufetubi
  A worm (D:4)
  2 dart slugs
  26 orcs
  5 ball pythons
  7 bats
  9 endoplasms
  15 giant cockroaches
  14 goblins
  9 hobgoblins
  A quokka (D:5)
  A frilled lizard (D:3)
  10 kobolds
  9 rats
184 creatures vanquished.

Notes
Turn   | Place    | Note
-------+----------+-------------------------------------------
     0 | D:1      | Heoruswealwe the Deep Elf Conjurer began the quest for the
                  | Orb.
     0 | D:1      | Reached XP level 1. HP: 10/10 MP: 6/6
   343 | D:1      | Reached XP level 2. HP: 13/15 MP: 1/8
   346 | D:1      | Learned a level 2 spell: Searing Ray
   561 | D:1      | Noticed a shining eye
   565 | D:1      | Noticed an eye of devastation
   569 | D:1      | Found a faded altar of an unknown god.
   570 | D:1      | Noticed a great orb of eyes
   570 | D:1      | Noticed a great orb of eyes
   877 | D:1      | Reached skill level 4 in Spellcasting
  1093 | D:2      | Reached XP level 3. HP: 19/19 MP: 7/10
  1097 | D:2      | Learned a level 3 spell: Dazzling Flash
  1126 | D:2      | Reached skill level 5 in Conjurations
  1337 | D:2      | Reached XP level 4. HP: 19/24 MP: 1/12
  1450 | D:2      | Learned a level 4 spell: Fulminant Prism
  1789 | D:3      | Reached skill level 5 in Spellcasting
  1796 | D:3      | Found a bloodstained altar of Trog.
  1800 | D:3      | Found an iron altar of Okawaru.
  1801 | D:3      | Found the +5 Force Lance {heavy, knockback}
  1931 | D:3      | Found a white marble altar of Elyvilon.
  2066 | D:3      | Reached XP level 5. HP: 28/28 MP: 7/14
  2073 | D:3      | Learned a level 4 spell: Iskenderun's Mystic Blast
  2400 | D:3      | Noticed Robin
  2404 | D:3      | Killed Robin
  2405 | D:3      | Reached skill level 6 in Spellcasting
  2856 | D:4      | Found a stormy altar of Qazlal.
  2913 | D:3      | Reached XP level 6. HP: 24/32 MP: 3/17
  3361 | D:4      | Reached skill level 7 in Spellcasting
  3367 | D:4      | Learned a level 5 spell: Arcjolt
  3471 | D:5      | Entered Level 5 of the Dungeon
  3494 | D:5      | Reached XP level 7. HP: 35/36 MP: 4/19
  3803 | D:5      | Found a shimmering blue altar of Sif Muna.
  3867 | D:5      | Learned a level 2 spell: Passwall
  3904 | D:5      | Found a sacrificial altar of Ru.
  4075 | D:5      | Reached skill level 8 in Spellcasting
  4084 | D:5      | Found a sparkling altar of Nemelex Xobeh.
  4269 | D:5      | Noticed Eustachio
  4277 | D:5      | Killed Eustachio
  4400 | D:6      | Reached skill level 9 in Spellcasting
  4415 | D:6      | Reached XP level 8. HP: 41/41 MP: 5/23
  4641 | D:6      | Noticed Menkaure
  4649 | D:6      | Killed Menkaure
  4834 | D:6      | Noticed Maggie
  4847 | D:6      | Killed Maggie
  4848 | D:6      | Reached skill level 10 in Spellcasting
  5239 | D:6      | Noticed Edmund
  5246 | D:6      | Killed Edmund
  5524 | D:6      | Reached skill level 11 in Spellcasting
  5526 | D:6      | Reached skill level 10 in Conjurations
  5890 | D:7      | Reached XP level 9. HP: 45/45 MP: 26/26
  6415 | D:7      | Found a staircase to the Ecumenical Temple.
  6428 | Temple   | Entered the Ecumenical Temple
  6567 | Temple   | Became a worshipper of Vehumet
  6730 | D:7      | Reached skill level 12 in Spellcasting
  7063 | D:8      | Slain by a slime creature

Illustrated notes

Levels and vault maps discovered:
D:1:      dpeg_arrival_rooms_a, layout_loops_ring,
          hellmonk_ecumenical_altar_watching_god, minmay_gold_behind_fungi
D:2:      layout_loops_ring, minmay_hexomino_f4
D:3:      minmay_roachtagon, layout_rooms, nicolae_elyvilon_temple_path,
          mainiacjoe_overflow_catwalk, okawaru_ov_weapons_minmay,
          minmay_fractal_squares_gapless_5, uniq_robin
D:4:      layout_rooms, nicolae_qazlal_general_emergency
D:5:      layout_basic, amcnicky_altar_gilded,
          mainiacjoe_overflow_concentric_impassable, nicolae_ru_awakened_eye,
          uniq_eustachio
D:6:      layout_loops_ring, uniq_edmund, uniq_menkaure, uniq_maggie
D:7:      layout_rooms, minmay_temple_entry_hall, serial_demonic,
          serial_demonic_a, serial_demonic_b, serial_demonic_e,
          serial_demonic_d, serial_demonic_b, serial_demonic_b,
          dreamdust_mushroom_princess
D:8:      minmay_cut_squares, layout_basic
Temple:   grunt_temple_mini_profane

Skill      XL: |  1  2  3  4  5  6  7  8  9 |
---------------+----------------------------+-----
Spellcasting   | 4 5 6 7 9 11 12 | 12.4
Conjurations   | 5 6 7 8 10 11 | 11.1
Dodging        | |  2.4
Stealth        | |  2.4

Action                     |  1- 3 |  4- 6 |  7- 9 || total
---------------------------+-------+-------+-------++-------
  Melee: Short sword       |    29 |       |       ||    29
         Punch             |     1 |       |       ||     1
         Lance             |       |    29 |    49 ||    78
         Dagger            |       |     1 |       ||     1
   Cast: Magic Dart        |    62 |   105 |   133 ||   300
         Searing Ray       |     2 |    15 |    32 ||    49
         Iskenderun's Myst |       |       |     4 ||     4
    Use: Scroll            |       |       |     6 ||     6
 Armour: Robe              |     4 |     2 |     4 ||    10
         Animal skin       |       |     5 |    13 ||    18
  Dodge: Dodged            |     6 |    24 |    37 ||    67
